 Dungeon Crawl Stone Soup version 0.24-a0-439-g6dd8730de2 (webtiles) character file.

Game seed: 17434232689395155111

422624 JellyEater the Earth Mage (level 23, -3/146 HPs)
             Began as a Gargoyle Earth Elementalist on June 17, 2019.
             Was the Champion of Vehumet.
             Slain by a spark wasp (4 damage)
             ... on level 2 of the Depths on June 18, 2019.
             The game lasted 03:42:36 (52839 turns).

JellyEater the Earth Mage (GrEE)                   Turns: 52839, Time: 03:42:39

Health: -3/146     AC: 36    Str: 18    XL:     23   Next: 74%
Magic:  28/61      EV: 20    Int: 33    God:    Vehumet [******]
Gold:   1288       SH:  0    Dex: 13    Spells: 26/55 levels left

rFire    . . .     SeeInvis +   N - +6 hand axe of Gedy {pain, +Rage MP+9 Int+5 SInv}
rCold    + . .     Gourm    .   (no shield)
rNeg     + . .     Faith    .   H - +2 robe {Archmagi}
rPois    ∞         Spirit   .   C - +2 hat {Int+3}
rElec    +         Reflect  .   J - +2 cloak
rCorr    .         Harm     .   i - +2 pair of gloves
MR       +....     Rnd*Rage +   s - +1 pair of boots
Stlth    +++.......             L - amulet "Let Wejaah" {Regen+ Str+3 Dex+3}
HPRegen  0.74/turn              t - +4 ring of protection
MPRegen  0.37/turn              z - ring "Luesoq" {MP+9 Str+2 Stlth+}

@: berserk cooldown, flying, very slightly contaminated, slowed, very slow
A: big wings, berserk 2, cold resistance 1, negative energy resistance 1,
electricity resistance, unbreathing, petrification resistance, rot immunity, AC
+17
}: 2/15 runes: serpentine, barnacled
a: Stop Flying, Renounce Religion, Evoke Berserk Rage


You were on level 2 of the Depths.
You worshipped Vehumet.
Vehumet was exalted by your worship.
You were near starving.

You visited 10 branches of the dungeon, and saw 43 of its levels.
You visited the Abyss 1 time.
You visited 2 bazaars.
You also visited: Desolation.

You collected 5177 gold pieces.
You spent 3889 gold pieces at shops.

Inventory:

Hand Weapons
 K - a +9 morningstar of crushing
 N - the +6 hand axe of Gedy (weapon) {pain, +Rage MP+9 Int+5 SInv}
   (You took it off a merfolk aquamancer on level 4 of the Shoals)

   In the hands of one skilled in necromantic magic, it inflicts extra damage on
   living creatures.
   It affects your intelligence (+5).
   It affects your magic capacity (+9).
   It lets you see invisible.
   It lets you go berserk.
 V - a +3 vampiric eveningstar
Missiles
 b - 846 stones (quivered)
 u - 38 silver javelins
 W - 3 throwing nets
Armour
 i - a +2 pair of gloves (worn)
 o - the +6 faerie dragon scales {+Blink rCorr Dex+7 Stlth-}
   (You took it off the Enchantress on level 1 of the Depths)

   It affects your dexterity (+7).
   It lets you blink.
   It provides partial protection from all sources of acid and corrosion.
   It makes you less stealthy.
 s - a +1 pair of boots (worn)
 C - a +2 hat of intelligence (worn)
 H - a +2 robe of the Archmagi (worn)
 J - a +2 cloak (worn)
Jewellery
 e - the ring "Macwud" {-Tele rElec rF+ MP+9 Str+7 Dex+4}
   (You found it in the Desolation of Salt)

   [ring of magical power]

   It affects your strength (+7).
   It affects your dexterity (+4).
   It protects you from fire.
   It insulates you from electricity.
   It affects your magic capacity (+9).
   It prevents most forms of teleportation.
 p - an uncursed ring of protection from fire
 t - a +4 ring of protection (left hand)
 z - the ring "Luesoq" (right hand) {MP+9 Str+2 Stlth+}
   (You took it off an imperial myrmidon in the Desolation of Salt)

   [ring of magical power]

   It affects your strength (+2).
   It affects your magic capacity (+9).
   It makes you more stealthy.
 A - the ring of Trog's Condemnation {rElec rC++ rN+ MR+ Dex-4}
   (You found it in the Desolation of Salt)

   [ring of protection from magic]

   It affects your dexterity (-4).
   It greatly protects you from cold.
   It insulates you from electricity.
   It protects you from negative energy.
   It affects your resistance to hostile enchantments.
 L - the amulet "Let Wejaah" (around neck) {Regen+ Str+3 Dex+3}
   (You took it off a crimson imp on level 8 of the Dungeon)

   [amulet of regeneration]

   It affects your strength (+3).
   It affects your dexterity (+3).
   It increases your rate of regeneration.
 Y - an uncursed ring of resist corrosion
Wands
 c - a wand of disintegration (8)
 F - a wand of paralysis (19)
 I - a wand of iceblast (22)
 R - a wand of enslavement (11)
 U - a wand of digging (10)
 X - a wand of scattershot (4)
Scrolls
 a - 31 scrolls of remove curse
 g - 2 scrolls of holy word
 v - 10 scrolls of amnesia
 w - 5 scrolls of blinking
 x - 4 scrolls of magic mapping
 B - 10 scrolls of fog
 P - 27 scrolls of identify
 Q - 16 scrolls of teleportation
 Z - a scroll of summoning
Potions
 f - 2 potions of haste
 h - 12 potions of curing
 j - 2 potions of ambrosia
 k - 2 potions of berserk rage
 l - 5 potions of magic
 n - 6 potions of might
 q - 2 potions of resistance
 D - 7 potions of agility
 G - 2 potions of heal wounds
 M - 2 potions of invisibility
 S - 3 potions of cancellation
Miscellaneous
 r - a phantom mirror
Comestibles
 d - 40 rations


   Skills:
 + Level 15.7 Fighting
 - Level 16.0 Maces & Flails
 - Level 6.0 Armour
 + Level 12.7 Dodging
 - Level 2.1 Stealth
 * Level 16.6 Spellcasting
 - Level 15.0 Conjurations
   Level 0.7 Transmutations
 * Level 17.9 Fire Magic
 + Level 17.9 Earth Magic
 - Level 6.0 Evocations


You had 26 spell levels left.
You knew the following spells:

 Your Spells              Type           Power        Failure   Level  Hunger
a - Sandblast             Erth           ######       0%          1    None
b - Stone Arrow           Conj/Erth      ######       0%          3    None
c - Lee's Rapid Deconstr  Erth           ########..   1%          5    None
d - Iron Shot             Conj/Erth      ########..   1%          6    #......
f - Bolt of Fire          Conj/Fire      ########..   1%          6    #......
g - Ignition              Fire           ########..   1%          8    ######.

Your spell library contained the following spells:

 Spells                   Type           Power        Failure   Level  Hunger
 Fire Storm               Conj/Fire      ########..   38%         9    #######
 Chain Lightning          Conj/Air       #######...   71%         8    ######.
 Magic Dart               Conj           ####         0%          1    None
 Searing Ray              Conj           ######       0%          2    None
 Throw Flame              Conj/Fire      ######       0%          2    None
 Conjure Flame            Conj/Fire      ########     0%          3    None
 Animate Skeleton         Necr           N/A          1%          1    None
 Apportation              Tloc           #####.       1%          1    None
 Beastly Appendage        Tmut           #####.       1%          1    None
 Confusing Touch          Hex            #####.       1%          1    None
 Corona                   Hex            #####..      1%          1    None
 Pain                     Necr           ####         1%          1    None
 Sting                    Conj/Pois      ####         1%          1    None
 Summon Butterflies       Summ           #####...     1%          1    None
 Summon Small Mammal      Summ           ####         1%          1    None
 Passwall                 Tmut/Erth      #######.     1%          2    None
 Sticks to Snakes         Tmut           #####...     1%          2    None
 Dazzling Spray           Conj/Hex       ######       1%          3    None
 Inner Flame              Hex/Fire       #######.     1%          3    None
 Mephitic Cloud           Conj/Pois/Air  ######..     1%          3    None
 Force Lance              Conj/Tloc      #######.     1%          4    None
 Fulminant Prism          Conj/Hex       #######...   1%          4    None
 Iskenderun's Mystic Bla  Conj           ########     1%          4    None
 Leda's Liquefaction      Hex/Erth       #######...   1%          4    None
 Petrify                  Tmut/Erth      #######.     1%          4    None
 Iskenderun's Battlesphe  Conj/Chrm      #######.     1%          5    None
 Lightning Bolt           Conj/Air       #######...   1%          5    None
 Blink                    Tloc           N/A          2%          2    None
 Call Imp                 Summ           #####...     2%          2    None
 Slow                     Hex            #####...     2%          2    None
 Swiftness                Chrm/Air       #####...     2%          2    None
 Spider Form              Tmut/Pois      #####.....   3%          3    None
 Conjure Ball Lightning   Conj/Air       #######...   3%          6    #......
 Call Canine Familiar     Summ           #####...     4%          3    None
 Gell's Gravitas          Tloc           #####.....   4%          3    None
 Lesser Beckoning         Tloc           #####.....   4%          3    None
 Portal Projectile        Hex/Tloc       #####.       4%          3    None
 Regeneration             Chrm/Necr      #####.....   4%          3    None
 Summon Guardian Golem    Hex/Summ       #####...     4%          3    None
 Tukima's Dance           Hex            #####...     4%          3    None
 Vampiric Draining        Necr           #####.....   4%          3    None
 Yara's Violent Unravell  Hex/Tmut       #####.....   10%         5    None
 Ice Form                 Ice/Tmut       #####...     12%         4    None
 Animate Dead             Necr           N/A          14%         4    None
 Cause Fear               Hex            #####.....   14%         4    None
 Passage of Golubria      Tloc           N/A          14%         4    None
 Summon Ice Beast         Ice/Summ       #####...     14%         4    None
 Summon Lightning Spire   Summ/Air       #####...     14%         4    None
 Spellforged Servitor     Conj/Summ      #######...   16%         7    ####...
 Blade Hands              Tmut           #####.....   30%         5    None
 Alistair's Intoxication  Tmut/Pois      #####...     34%         5    None
 Silence                  Hex/Air        #####.....   38%         5    None
 Summon Forest            Summ/Tloc      #####.....   38%         5    None
 Summon Mana Viper        Hex/Summ       #####...     38%         5    None
 Darkness                 Hex            #####.....   92%         6    #......
 Deflect Missiles         Chrm/Air       #####.....   92%         6    #......
 Dispersal                Tloc           #####.....   92%         6    #......
 Invisibility             Hex            #####...     92%         6    #......
 Summon Hydra             Summ           #####.....   100%        7    ####...
 Controlled Blink         Tloc           N/A          100%        8    ######.
 Discord                  Hex            #####.....   100%        8    ######.
 Disjunction              Tloc           #####.....   100%        8    ######.
 Tornado                  Air            #####.....   100%        9    #######
 Statue Form              Tmut/Erth      Unusable     N/A         6    N/A

Dungeon Overview and Level Annotations

Branches:
Dungeon (15/15)            Temple (1/1) D:5            Lair (6/6) D:8
 Shoals (4/4) Lair:4        Snake (4/4) Lair:2        Slime (0/5) Lair:5
    Orc (2/2) D:10            Elf (3/3) Orc:2        Vaults (5/5) D:13
  Crypt (1/3) Vaults:3     Depths (2/5) D:15

Altars:
Ashenzari
Cheibriados
Dithmenos
Elyvilon
Fedhas
Gozag
Hepliaklqana
Kikubaaqudgha
Makhleb
Nemelex Xobeh
Okawaru
Qazlal
Ru
Trog
Uskayaw
Vehumet
Wu Jian
Zin
The Shining One
Beogh

Shops:
D:8 (   D:10 !   D:14 =   Orc:1 *   Orc:2 *[:(   Elf:3 [   Shoals:3 [
Snake:1 }   Snake:2 ?   Vaults:1 *   Vaults:2 [   Vaults:4 [   Depths:1 %

Portals:
Hell: Depths:1 Depths:2
Abyss: Depths:1
Ziggurat: Depths:1

Annotations:
D:3 1 runed translucent door, xoxolimbo's ghost, weakling DsFE
D:11 2 runed translucent doors
Lair:5 1 runed translucent door, Stick's ghost, journeyman GnWn
Elf:2 3 runed translucent doors
Elf:3 1 exclusion


Innate Abilities, Weirdness & Mutations

You are resistant to torment.
Your stone body is resilient. (AC +17)
You are immune to poison.
Your large and strong wings let you fly indefinitely.
You resist negative energy. (rN+)
You are resistant to electric shocks. (rElec)
You can survive without breathing.
You are immune to petrification.
You are immune to rotting.
You often lose your temper in combat.
Your flesh is cold resistant. (rC+)


Message History

You feel much better. The spark wasp misses you. x2
The spark wasp stings you!
* * * LOW HITPOINT WARNING * * *
The spark wasp shocks you. You resist.
* * * LOW HITPOINT WARNING * * *
Unknown command.
Unknown command.
Casting: Iron Shot (safe; 1% risk of failure)
Confirm with . or Enter, or press ? or * to list all spells.
You don't know that spell.
Unknown command.
Blink to where?
Press: ? - help, Dir - move target cursor, p - spark wasp
As you read the scroll of blinking, it crumbles to dust.
The spark wasp bursts into living lightning!
The living lightning misses you.
The spark wasp blinks!
The spark wasp stings you!
* * * LOW HITPOINT WARNING * * *
The spark wasp shocks you. You resist.
You die...

.[# ##### )†## ####...# ##
#§)######.##...##.#
#.....C....#......##
####.###.§§........####
.##...)....##....##.##..#
.####.#...###....#.....
.######............).
#..####..@...####....###
###...#.....y.###....##..###
#....#..............##......
##.............#.............
#................≈≈≈....).#
######)..#...........≈........#..
.........#..........≈≈..<.....(..
###.≈≈..............≈≈...........
##........≈.>......≈...........


You could see a spark wasp.

Vanquished Creatures
  the Enchantress (Depths:1)
  Asterion (Elf:2)
  2 krakens (Shoals:1)
  The ghost of Costriad the Champion of Chaos, an adept DDFi of Makhleb (Vaults:1)
  2 tentacled starspawn (Abyss:2)
  Gastronok (Lair:2)
  A sphinx (Vaults:5)
  2 tengu reavers
  Roxanne (Elf:2)
  12 nagarajas
  A storm dragon (Vaults:4)
  Donald (Shoals:1)
  2 fire giants
  3 deep elf sorcerers
  4 frost giants
  An imperial myrmidon (Desolation)
  Aizul (Snake:3)
  9 vault wardens
  4 orc warlords
  12 very ugly things
  9 ironheart preservers
  3 spriggan defenders (Depths:1)
  A stone giant (shapeshifter) (Vaults:4)
  15 stone giants
  3 ghouls
  An entropy weaver (Vaults:4)
  A vampire knight (Vaults:3)
  2 deep elf annihilators
  A deep elf demonologist (Elf:1)
  2 halazid warlocks (Desolation)
  3 spark wasps (Depths:1)
  An eidolon (Abyss:3)
  4 crystal guardians (Desolation)
  Snorg (Orc:1)
  3 deep elf death magi
  4 merfolk javelineers (Shoals:4)
  6 merfolk impalers (Shoals:4)
  4 ettins
  4 fire dragons
  4 ragged hierophants (Desolation)
  Josephine (D:11)
  4 great orbs of eyes
  28 vault guards
  3 servants of whispers (Desolation)
  18 yaktaur captains
  2 rakshasas
  10 naga warriors
  8 peacekeepers
  8 hydras
  2 alligator snapping turtles (Shoals:4)
  3 spriggan air magi (Depths:1)
  2 merfolk avatars
  13 anacondas
  3 death knights
  Erica (D:9)
  16 centaur warriors
  4 satyrs
  5 merfolk aquamancers
  16 two-headed ogres
  9 ogre magi
  6 deep troll earth magi
  3 tengu warriors
  5 deep troll shamans
  3 orc high priests
  12 dancing weapons
  3 death yaks (Lair:6)
  4 thrashing horrors
  Urug (Lair:2)
  19 deep elf knights
  Sonja (Lair:3)
  12 naga sharpshooters
  A vampire mage (Depths:2)
  7 shock serpents
  5 hell knights
  2 fire crabs (shapeshifter)
  23 skeletal warriors
  2 salamander mystics (Snake:3)
  2 shadow wraiths (Vaults:4)
  3 glowing orange brains
  19 sea snakes
  A flayed ghost (Vaults:3)
  A spatial maelstrom (Abyss:3)
  4 wizards
  An obsidian statue (Vaults:1)
  3 unseen horrors
  22 deep trolls
  A phantasmal warrior (Vaults:4)
  24 deep elf archers
  17 orc knights
  3 naga ritualists
  Pikel (D:7)
  6 ironbrand convokers
  2 wolf spider zombies (D:15)
  12 harpies
  2 necromancers
  29 ugly things
  63 deep elf magi
  5 mana vipers
  8 cyclopes
  10 manticores
  14 fauns
  The ghost of Ilgrip the Vexing, a novice DsAM of Kikubaaqudgha (D:6)
  6 salamanders
  5 wolf spiders
  4 large abominations
  4 orc sorcerers
  6 oklob plants
  A worldbinder (Abyss:2)
  9 merfolk sirens
  10 vault sentinels
  11 elephants
  34 black mambas
  7 guardian serpents
  Maurice (D:8)
  A molten gargoyle (Desolation)
  A smoke demon (Abyss:2)
  A water nymph (Shoals:4)
  16 naga magi
  An eye of devastation (shapeshifter) (Vaults:1)
  22 spiny frogs
  6 komodo dragons
  An efreet (D:14)
  2 rime drakes (Lair:6)
  A kobold demonologist (D:8)
  57 yaktaurs
  2 tengu conjurers (Depths:1)
  8 freezing wraiths
  A troll (shapeshifter) (D:13)
  A merfolk (shapeshifter) (Elf:1)
  2 ancient zymes
  A queen bee (shapeshifter) (Depths:1)
  6 trolls
  32 saltlings (Desolation)
  A tengu simulacrum (Vaults:2)
  3 meliai (D:14)
  21 merfolk
  7 wind drakes
  16 blink frogs
  3 hornets
  2 meliai zombies
  11 snapping turtles
  15 dream sheep
  4 slime creatures (Vaults:1)
  11 hippogriffs
  2 redbacks
  3 vampires (Vaults:3)
  8 wraiths
  An air elemental (Elf:3)
  A ynoxinul (Abyss:2)
  4 fire bats (Abyss:2)
  44 yaks
  18 water elementals
  4 small abominations
  10 wyverns
  2 shadows
  2 hungry ghosts (D:12)
  A spriggan (Depths:1)
  A human (D:9)
  2 basilisks
  4 hogs (D:9)
  A hog (shapeshifter) (Vaults:2)
  2 fire elementals
  A human (shapeshifter) (Vaults:3)
  Grum (D:10)
  A steam dragon (D:12)
  A steam dragon (shapeshifter) (Vaults:4)
  4 vampire mosquitoes (D:14)
  A spatial vortex (Abyss:3)
  A chaos spawn (Abyss:2)
  8 wargs
  42 nagas
  A soldier ant (shapeshifter) (Vaults:2)
  2 acid dragons
  An acid dragon (shapeshifter) (Vaults:4)
  28 water moccasins
  10 porcupines
  44 orc warriors
  5 sky beasts
  A swamp drake (D:10)
  3 ice beasts
  A black bear (D:8)
  An eye of draining (D:12)
  15 boggarts
  4 phantoms
  17 ogres
  A necrophage (D:12)
  21 wolves
  19 centaurs
  7 big kobolds (D:6)
  15 crocodiles
  A wyvern zombie (D:8)
  12 bullfrogs
  5 earth elementals
  A wyvern skeleton (D:14)
  5 scorpions
  6 killer bees (D:10)
  19 wights
  3 electric eels
  3 howler monkeys
  A lava snake (D:15)
  9 bullfrog zombies
  9 centaur zombies
  6 crimson imps
  2 jellies
  A quasit (D:6)
  5 hounds
  Crazy Yiuf (D:7)
  4 bullfrog skeletons
  21 orc priests
  5 centaur skeletons
  29 orc wizards
  2 gnoll shamans (D:3)
  4 iguanas
  13 worker ants
  A hound skeleton (D:11)
  2 mummies (D:13)
  A worker ant zombie (D:5)
  A howler monkey skeleton (D:8)
  26 adders
  38 gnolls
  5 shadow imps
  2 white imps
  An ooze (D:1)
  2 adder zombies (D:5)
  2 adder skeletons
  A worm (D:4)
  4 dart slugs
  8 leopard geckos
  81 orcs
  4 ball pythons
  5 giant cockroaches
  11 goblins
  7 hobgoblins
  28 jackals
  5 quokkas
  14 bats
  4 frilled lizards
  10 kobolds
  A leopard gecko skeleton (D:8)
  A leopard gecko zombie (D:5)
  2 quokka skeletons
  7 rats
  A fire vortex (D:15)
  3 fungi
  4 plants (D:12)
  A starspawn tentacle (Abyss:2)
  3 tentacles (Shoals:1)
1826 creatures vanquished.

Vanquished Creatures (others)
  2 deep elf knights (Elf:1)
  A jelly (D:14)
  An orc priest (Orc:2)
  A quokka (D:7)
  2 fire vortices
  18 fungi
  62 plants
  A starspawn tentacle (Abyss:2)
  5 tentacles (Shoals:1)
93 creatures vanquished.

Grand Total: 1919 creatures vanquished

Notes
Turn   | Place    | Note
-------+----------+-------------------------------------------
     0 | D:1      | JellyEater the Gargoyle Earth Elementalist began the quest
                  | for the Orb.
     0 | D:1      | Reached XP level 1. HP: 10/10 MP: 3/3
   129 | D:1      | Reached XP level 2. HP: 15/15 MP: 0/5
   522 | D:1      | Reached XP level 3. HP: 15/19 MP: 2/6
   647 | D:1      | Learned a level 3 spell: Stone Arrow
  1507 | D:2      | Reached skill level 1 in Conjurations
  1564 | D:2      | Reached XP level 4. HP: 24/24 MP: 8/8
  1729 | D:2      | Reached skill level 5 in Earth Magic
  1750 | D:2      | Reached XP level 5. HP: 5/28 MP: 0/9
  2034 | D:2      | Learned a level 5 spell: Lee's Rapid Deconstruction
  2092 | D:2      | Found a stormy altar of Qazlal.
  2558 | D:3      | Found a runed translucent door.
  2558 | D:3      | Noticed xoxolimbo's ghost (weakling DsFE)
  2918 | D:3      | Noticed an ogre
  2928 | D:3      | HP: 1/28 [gnoll/+0 halberd (12)]
  2934 | D:3      | Reached XP level 6. HP: 22/32 MP: 5/11
  3127 | D:3      | Reached XP level 7. HP: 36/36 MP: 11/13
  4146 | D:3      | Reached skill level 1 in Fighting
  4146 | D:3      | Reached skill level 1 in Armour
  4386 | D:4      | Reached skill level 1 in Maces & Flails
  4838 | D:4      | Reached XP level 8. HP: 44/44 MP: 8/15
  5292 | D:4      | Found an ancient bone altar of Kikubaaqudgha.
  5332 | D:4      | Found a sparkling altar of Nemelex Xobeh.
  5513 | D:5      | Entered Level 5 of the Dungeon
  5705 | D:5      | Found a staircase to the Ecumenical Temple.
  5720 | Temple   | Entered the Ecumenical Temple
  5727 | Temple   | Became a worshipper of Vehumet
  5802 | D:5      | Reached skill level 5 in Spellcasting
  6008 | D:5      | Reached skill level 5 in Conjurations
  6483 | D:5      | Reached XP level 9. HP: 51/51 MP: 17/17
  6589 | D:6      | Found an ornate altar of the Wu Jian Council.
  6679 | D:6      | Found a shadowy altar of Dithmenos.
  6745 | D:6      | Found a runed translucent gate.
  6746 | D:6      | Found a runed translucent gate.
  6746 | D:6      | Noticed Ilgrip's ghost (novice DsAM)
  6747 | D:6      | Found a runed translucent gate.
  7058 | D:6      | Reached * piety under Vehumet
  7058 | D:6      | Offered knowledge of Freeze by Vehumet.
  7438 | D:6      | Found a blossoming altar of Fedhas.
  7676 | D:6      | Killed Ilgrip's ghost
  7676 | D:6      | Reached XP level 10. HP: 45/58 MP: 8/19
  8248 | D:7      | Reached skill level 5 in Fighting
  8271 | D:7      | Reached skill level 5 in Armour
  8288 | D:7      | Reached ** piety under Vehumet
  8293 | D:7      | Noticed Pikel
  8295 | D:7      | Offered knowledge of Magic Dart by Vehumet.
  8303 | D:7      | Killed Pikel
  8608 | D:7      | Found a runed translucent door.
  8609 | D:7      | Noticed Crazy Yiuf
  8614 | D:7      | Killed Crazy Yiuf
  8895 | D:8      | Found Deedghia's Weapon Boutique.
  9014 | D:8      | Noticed a kobold demonologist
  9017 | D:8      | Killed a kobold demonologist
  9020 | D:8      | Identified the +5 broad axe of Beyond {chop, MP+9 Dex+6}
  9020 | D:8      | Identified the amulet "Let Wejaah" {Regen+ Str+3 Dex+3}
  9133 | D:8      | Noticed a two-headed ogre
  9143 | D:8      | Killed a two-headed ogre
  9143 | D:8      | Reached skill level 5 in Maces & Flails
  9143 | D:8      | Reached skill level 1 in Evocations
  9199 | D:8      | Found a hide-covered altar of Uskayaw.
  9311 | D:8      | Got a pitted glass ring
  9346 | D:8      | Found a white marble altar of Elyvilon.
  9347 | D:8      | Noticed Maurice
  9359 | D:8      | Killed Maurice
  9359 | D:8      | Reached XP level 11. HP: 64/64 MP: 10/21
  9361 | D:8      | Offered knowledge of Conjure Flame by Vehumet.
  9557 | D:8      | Found an opulent altar of Gozag.
  9571 | D:8      | Found a staircase to the Lair.
  9888 | D:8      | Found a white marble altar of Elyvilon.
  9919 | D:8      | Found an opulent altar of Gozag.
  9932 | D:8      | Found a staircase to the Lair.
 10098 | D:8      | Found a hide-covered altar of Uskayaw.
 10240 | D:8      | Identified the cursed ring "Veehappi" {+Fly rF+ AC-3 Int+3
                  | Stlth-} (You found it on level 8 of the Dungeon)
 10337 | D:9      | Reached *** piety under Vehumet
 10406 | D:9      | Noticed Erica
 10411 | D:9      | Killed Erica
 10411 | D:9      | Reached skill level 5 in Dodging
 10514 | D:9      | Offered knowledge of Force Lance by Vehumet.
 10977 | D:10     | Entered Level 10 of the Dungeon
 11109 | D:10     | Noticed Grum
 11117 | D:10     | Killed Grum
 11205 | D:10     | Found Vuafalos's Distillery.
 11208 | D:10     | Bought a potion of invisibility for 112 gold pieces
 11208 | D:10     | Bought a potion of berserk rage for 70 gold pieces
 11208 | D:10     | Bought a potion of agility for 56 gold pieces
 11208 | D:10     | Bought a potion of curing for 42 gold pieces
 11208 | D:10     | Bought a potion of magic for 112 gold pieces
 11208 | D:10     | Bought a potion of magic for 112 gold pieces
 11208 | D:10     | Bought a potion of heal wounds for 70 gold pieces
 11247 | D:10     | Reached **** piety under Vehumet
 11333 | D:10     | Offered knowledge of Yara's Violent Unravelling by Vehumet.
 11463 | D:10     | Found a staircase to the Orcish Mines.
 11614 | D:10     | Gained mutation: Your flesh is cold resistant. (rC+)
                  | [potion of mutation]
 11614 | D:10     | Gained mutation: You tend to lose your temper in combat.
                  | [potion of mutation]
 11614 | D:10     | Gained mutation: You often lose your temper in combat.
                  | [potion of mutation]
 11614 | D:10     | Gained mutation: You evolve. [potion of mutation]
 11705 | D:10     | Reached skill level 10 in Earth Magic
 12056 | D:11     | Noticed an ice dragon
 12058 | D:11     | Noticed a fire dragon
 12060 | D:11     | Found a runed translucent door.
 12060 | D:11     | Noticed an ice dragon
 12060 | D:11     | Noticed a fire dragon
 12061 | D:11     | Found the +2 shield of Resistance {rF+ rC+ MR+}
 12061 | D:11     | Found a runed translucent door.
 12236 | D:11     | Reached XP level 12. HP: 72/72 MP: 23/23
 12240 | D:11     | Reached ***** piety under Vehumet
 12308 | D:11     | Noticed Josephine
 12322 | D:11     | Killed Josephine
 12379 | D:11     | Offered knowledge of Iron Shot by Vehumet.
 12387 | D:11     | Learned a level 6 spell: Iron Shot
 12768 | D:12     | Lost mutation: You evolve. [evolution]
 14032 | D:13     | Noticed a ghoul
 14043 | D:12     | Killed a ghoul
 14137 | D:13     | Reached skill level 5 in Evocations
 14175 | D:13     | Noticed a centaur warrior
 14179 | D:13     | Reached XP level 13. HP: 66/79 MP: 25/25
 14206 | D:13     | Noticed a yaktaur captain
 14210 | D:13     | Killed a yaktaur captain
 14338 | D:13     | Found a gate to the Vaults.
 14366 | D:13     | Noticed a ghoul
 14387 | D:13     | Killed a ghoul
 14652 | D:13     | Noticed a ghoul
 14665 | D:13     | Killed a ghoul
 14665 | D:13     | Reached skill level 10 in Maces & Flails
 15042 | D:13     | Reached skill level 10 in Conjurations
 15310 | D:14     | Offered knowledge of Sticky Flame by Vehumet.
 15535 | D:14     | Found Dagirete's Jewellery Shop.
 15846 | D:14     | Gained mutation: Your large and strong wings let you fly
                  | indefinitely. [Gargoyle growth]
 15846 | D:14     | Reached XP level 14. HP: 81/86 MP: 27/27
 16061 | Lair:1   | Entered Level 1 of the Lair of Beasts
 17201 | Lair:2   | Noticed Urug
 17212 | Lair:2   | Killed Urug
 17591 | Lair:2   | Reached skill level 10 in Fighting
 17687 | Lair:2   | Found a staircase to the Snake Pit.
 17903 | Lair:2   | Noticed Gastronok
 17910 | Lair:2   | Killed Gastronok
 18242 | Lair:3   | Noticed Sonja
 18372 | Lair:3   | Killed Sonja
 19372 | Lair:4   | Offered knowledge of Iskenderun's Battlesphere by Vehumet.
 19466 | Lair:4   | Reached skill level 10 in Spellcasting
 19820 | Lair:4   | Found a staircase to the Shoals.
 19843 | Lair:4   | Reached XP level 15. HP: 70/93 MP: 29/29
 20440 | Lair:5   | Found a staircase to the Slime Pits.
 20797 | Lair:5   | Found a runed translucent door.
 21308 | Lair:5   | Noticed Stick's ghost (journeyman GnWn)
 21424 | Lair:6   | Entered Level 6 of the Lair of Beasts
 22582 | Lair:6   | Offered knowledge of Ozocubu's Refrigeration by Vehumet.
 23053 | Orc:1    | Entered Level 1 of the Orcish Mines
 23097 | Orc:1    | Found Gwepar's Goods Gallery.
 23487 | Orc:1    | Noticed Snorg
 23490 | Orc:1    | Killed Snorg
 23718 | Orc:2    | Entered Level 2 of the Orcish Mines
 23814 | Orc:2    | Reached XP level 16. HP: 73/100 MP: 28/30
 24578 | Orc:2    | Found a roughly hewn altar of Beogh.
 24660 | Orc:2    | Found Okuozeko's Book Boutique.
 24682 | Orc:2    | Found Pic Qoux's Antique Weapon Boutique.
 24689 | Orc:2    | Offered knowledge of Freezing Cloud by Vehumet.
 24770 | Orc:2    | Found Yluotta's General Store.
 25031 | Orc:2    | Found a staircase to the Elven Halls.
 25189 | Orc:2    | Found Bemmat's Antique Armour Boutique.
 25195 | Orc:2    | Bought a pair of spiked gloves for 294 gold pieces
 25205 | Orc:2    | Identified the +2 pair of gloves of Blue Skies {-Tele rElec
                  | MR- Int+8} (You bought it in a shop on level 2 of the
                  | Orcish Mines)
 25232 | Orc:2    | Bought the Papyrus of Arcane Weapons for 1071 gold pieces
 25234 | Orc:2    | Learned a level 1 spell: Sting
 25241 | Orc:2    | Learned a level 6 spell: Bolt of Fire
 25269 | Elf:1    | Entered Level 1 of the Elven Halls
 25316 | Elf:1    | Reached skill level 1 in Fire Magic
 25379 | Elf:1    | Found a flickering gateway to a bazaar.
 25388 | Bazaar   | Entered a bazaar
 25393 | Bazaar   | Found Qiastuah's Magic Scroll Shoppe.
 25414 | Bazaar   | Found Gejeur's Weapon Emporium.
 25415 | Bazaar   | Identified a scroll of acquirement
 25421 | Bazaar   | Found Reocvi's Weapon Shoppe.
 25426 | Bazaar   | Found Pusaheov's Distillery.
 25435 | Bazaar   | Found Poig's Food Boutique.
 25457 | Bazaar   | Bought a potion of heal wounds for 60 gold pieces
 25457 | Bazaar   | Bought 2 potions of might for 96 gold pieces
 25457 | Bazaar   | Bought 2 potions of agility for 96 gold pieces
 25457 | Bazaar   | Bought 2 potions of agility for 96 gold pieces
 25457 | Bazaar   | Bought a potion of heal wounds for 60 gold pieces
 25457 | Bazaar   | Bought a potion of curing for 36 gold pieces
 25457 | Bazaar   | Bought a potion of haste for 120 gold pieces
 25484 | Bazaar   | Bought a scroll of identify for 26 gold pieces
 25484 | Bazaar   | Bought a scroll of identify for 26 gold pieces
 25484 | Bazaar   | Bought 3 scrolls of blinking for 292 gold pieces
 25484 | Bazaar   | Bought a scroll of identify for 26 gold pieces
 25484 | Bazaar   | Bought a scroll of identify for 26 gold pieces
 25548 | Elf:1    | Found a ruined gateway.
 25559 | Desolati | Entered the Desolation of Salt
 25578 | Desolati | Found the +8 frozen axe "Frostbite" {freezing cloud, *Noise
                  | +Fly rC+}
 25590 | Desolati | Reached skill level 5 in Fire Magic
 25625 | Desolati | Got a wavering gossamer ring
 25626 | Desolati | Identified the ring "Macwud" {-Tele rElec rF+ MP+9 Str+7
                  | Dex+4} (You found it in the Desolation of Salt)
 25651 | Desolati | Got a pitted pewter amulet
 25652 | Desolati | Identified the amulet of the Bull {rElec rC- Regen+ Int-3
                  | Slay+5} (You found it in the Desolation of Salt)
 26256 | Desolati | Got a smoking iron ring
 26258 | Desolati | Got a flickering bronze ring
 26261 | Desolati | Identified the ring "Unumyboi" {rN+ Dex+2} (You found it in
                  | the Desolation of Salt)
 26263 | Desolati | Identified the ring of Trog's Condemnation {rElec rC++ rN+
                  | MR+ Dex-4} (You found it in the Desolation of Salt)
 26268 | Desolati | Identified the ring "Luesoq" {MP+9 Str+2 Stlth+}
 26487 | Elf:1    | Reached ****** piety under Vehumet
 26524 | Elf:1    | Reached skill level 10 in Fire Magic
 26545 | Elf:1    | Reached XP level 17. HP: 78/106 MP: 10/32
 26894 | Elf:1    | Offered knowledge of Orb of Destruction by Vehumet.
 28240 | Elf:2    | Noticed Asterion
 28251 | Elf:2    | Killed Asterion
 28426 | Elf:2    | Offered knowledge of Spellforged Servitor by Vehumet.
 28526 | Elf:2    | Identified Roxanne's Papyrus of the Rocks
 28526 | Elf:2    | Noticed Roxanne
 28530 | Elf:2    | Killed Roxanne
 28746 | Elf:2    | Found a runed translucent gate.
 28747 | Elf:2    | Found a runed translucent gate.
 28750 | Elf:2    | Found a runed translucent gate.
 28942 | Elf:3    | Entered Level 3 of the Elven Halls
 29425 | Elf:3    | Found Bivem's Antique Armour Shop.
 29439 | Elf:3    | Reached XP level 18. HP: 112/112 MP: 33/33
 29521 | Elf:3    | Cast into level 2 of the Abyss (deep elf mage)
 29905 | Abyss:3  | Found a corrupted altar of Lugonu.
 29973 | Abyss:3  | Found a corrupted altar of Lugonu.
 29988 | Abyss:3  | Found a corrupted altar of Lugonu.
 30147 | Elf:3    | Escaped the Abyss
 30563 | Elf:1    | Reached skill level 10 in Dodging
 30735 | D:15     | Entered Level 15 of the Dungeon
 31097 | D:15     | Found a staircase to the Depths.
 31949 | D:15     | Found an iron altar of Okawaru.
 32304 | Snake:1  | Entered Level 1 of the Snake Pit
 32495 | Snake:1  | You are sucked into a shaft and drop 1 floor!
 33106 | Snake:1  | Found Bojuv's Gadget Shoppe.
 33363 | Snake:1  | Offered knowledge of Fire Storm by Vehumet.
 33363 | Snake:1  | Offered knowledge of Chain Lightning by Vehumet.
 33363 | Snake:1  | Offered knowledge of Ignition by Vehumet.
 33401 | Snake:1  | Learned a level 8 spell: Ignition
 33427 | Snake:1  | Found a sparkling altar of Nemelex Xobeh.
 33474 | Snake:1  | Reached skill level 15 in Earth Magic
 34088 | Snake:1  | Reached XP level 19. HP: 96/118 MP: 31/35
 34225 | Snake:2  | Found Rael Vugh's Magic Scroll Shop.
 34249 | Snake:2  | Bought a scroll of identify for 22 gold pieces
 34249 | Snake:2  | Bought a scroll of teleportation for 33 gold pieces
 34249 | Snake:2  | Bought a scroll of identify for 22 gold pieces
 34249 | Snake:2  | Bought a scroll of holy word for 82 gold pieces
 34249 | Snake:2  | Bought a scroll of identify for 22 gold pieces
 34249 | Snake:2  | Bought 3 scrolls of identify for 66 gold pieces
 34249 | Snake:2  | Bought a scroll of identify for 22 gold pieces
 34249 | Snake:2  | Bought a scroll of magic mapping for 38 gold pieces
 34249 | Snake:2  | Bought a scroll of identify for 22 gold pieces
 34521 | Snake:2  | Found a bloodstained altar of Trog.
 35662 | Snake:4  | Entered Level 4 of the Snake Pit
 35794 | Snake:4  | Noticed Aizul
 36052 | Snake:3  | Killed Aizul
 36723 | Snake:4  | Got a serpentine rune of Zot
 37490 | Shoals:1 | Entered Level 1 of the Shoals
 38144 | Shoals:1 | Reached XP level 20. HP: 125/125 MP: 37/37
 38691 | Shoals:2 | Noticed Donald
 38715 | Shoals:1 | Killed Donald
 38945 | Shoals:2 | You are sucked into a shaft and drop 1 floor!
 39669 | Shoals:3 | Reached skill level 15 in Maces & Flails
 40513 | Shoals:3 | Found Hafedui's Antique Armour Shoppe.
 40564 | Shoals:4 | Entered Level 4 of the Shoals
 41141 | Shoals:4 | Reached skill level 15 in Fire Magic
 41751 | Shoals:4 | Identified the +6 hand axe of Gedy {pain, +Rage MP+9 Int+5
                  | SInv}
 42235 | Shoals:4 | Got a barnacled rune of Zot
 42692 | Vaults:1 | Entered Level 1 of the Vaults
 43173 | Vaults:1 | Found a runed translucent gate.
 43173 | Vaults:1 | Found a runed translucent gate.
 43173 | Vaults:1 | Noticed Costriad's ghost (adept DDFi)
 43173 | Vaults:1 | Identified the +6 demon whip of Zaerao {pain, rC+ Dex+4}
 43173 | Vaults:1 | Identified the +1 chain mail of Goimmily {+Fly SInv}
 43174 | Vaults:1 | Found a runed translucent gate.
 43294 | Vaults:1 | Reached XP level 21. HP: 132/132 MP: 38/39
 43399 | Vaults:1 | Found Foserous's Assorted Antiques.
 43408 | Vaults:1 | Bought an ichor-stained robe for 188 gold pieces
 43408 | Vaults:1 | Bought a scroll of identify for 66 gold pieces
 43408 | Vaults:1 | Bought a scroll of teleportation for 99 gold pieces
 43408 | Vaults:1 | Identified the +1 robe "Lunyckof" {MR+ Str+3 Dex-4 Stlth+}
                  | (You bought it in a shop on level 1 of the Vaults)
 44196 | Vaults:1 | Found a roughly hewn altar of Beogh.
 44231 | Vaults:1 | Killed Costriad's ghost
 44939 | Vaults:2 | Found Ysekoac's Armour Shop.
 46939 | Vaults:3 | Reached skill level 15 in Conjurations
 46996 | Vaults:3 | Identified the +1 leather armour of Eguol {rN+ rCorr Int+3
                  | Stlth+}
 47086 | Vaults:3 | Reached skill level 15 in Spellcasting
 47094 | Vaults:3 | Reached XP level 22. HP: 134/138 MP: 41/41
 47247 | Vaults:3 | Found a staircase to the Crypt.
 49271 | Vaults:4 | Reached skill level 15 in Fighting
 49290 | Vaults:4 | Found a gateway to a bazaar.
 49954 | Vaults:4 | Found Baec's Armour Shoppe.
 50084 | Vaults:5 | Entered Level 5 of the Vaults
 50087 | Vaults:5 | Reached XP level 23. HP: 116/144 MP: 42/42
 50207 | Vaults:4 | Learned a level 2 spell: Passwall
 50220 | Bazaar   | Entered a bazaar
 50233 | Bazaar   | Found Deyqiu's Magic Scroll Emporium.
 50233 | Bazaar   | Found Ybaopu's Antique Weapon Emporium.
 50269 | Bazaar   | Found Goaxy's Antique Weapon Shoppe.
 50269 | Bazaar   | Found Qechofoz's Weapon Shoppe.
 50306 | Bazaar   | Bought a scroll of teleportation for 42 gold pieces
 50306 | Bazaar   | Bought a scroll of teleportation for 42 gold pieces
 50306 | Bazaar   | Bought a scroll of identify for 28 gold pieces
 50306 | Bazaar   | Bought a scroll of identify for 28 gold pieces
 50306 | Bazaar   | Bought a scroll of teleportation for 42 gold pieces
 50306 | Bazaar   | Bought 3 scrolls of teleportation for 126 gold pieces
 50369 | Vaults:4 | Upgraded the game from 0.24-a0-434-gd57e52fea8 to
                  | 0.24-a0-439-g6dd8730de2
 50459 | Crypt:1  | Entered Level 1 of the Crypt
 50639 | Depths:1 | Entered Level 1 of the Depths
 50685 | Depths:1 | Found a gateway to a ziggurat.
 50764 | Depths:1 | Found a gateway to Hell.
 50846 | Depths:1 | Identified the Papyrus of Calling and Weightlessness
 51296 | Depths:1 | Identified the +6 faerie dragon scales {+Blink rCorr Dex+7
                  | Stlth-}
 51296 | Depths:1 | Noticed the Enchantress
 51303 | Depths:1 | Killed the Enchantress
 51717 | Depths:1 | Found Tifistro's Food Emporium.
 51769 | Depths:1 | Found a one-way gate to the infinite horrors of the Abyss.
 51997 | Depths:2 | Found the cursed necklace of Bloodlust {*Rage +Rage MR++
                  | Int-3 Slay+6 *Curse}
 52836 | Depths:2 | HP: 7/146 [spark wasp (14)]
 52836 | Depths:2 | HP: 3/146 [spark wasp (4)]
 52839 | Depths:2 | HP: 1/146 [spark wasp (15)]
 52839 | Depths:2 | Slain by a spark wasp

Levels and vault maps discovered:
D:1:      nicolae_arrival_washed_ashore, layout_basic, minmay_quantized
D:2:      layout_basic, nicolae_overflow_crystal_walls
D:3:      lemuel_castle_with_subvaults [lemuel_castle_interior_carwin_2],
          layout_loops_ring, ebering_ghost_reflecting_pool, first_ration,
          minmay_starry_boxes
D:4:      layout_rooms, lemuel_doored_altar, nemelex_altar_shiori
D:5:      layout_cave_pods, minmay_temple_entry_nine_rooms, minmay_circle_x
D:6:      layout_layer_cave, lemuel_crystal_altar, kennysheep_mini,
          nicolae_dithmenos_shadow_blocks, gammafunk_ghost_nasty_kobolds
D:7:      layout_loops_ring, uniq_crazy_yiuf_cottage, uniq_pikel
D:8:      minmay_the_grid_octo_triangle [minmay_the_grid_octo_horde,
          minmay_the_grid_octo_prize_square_snowflake,
          minmay_the_grid_octo_fat_diamond], layout_rooms,
          nicolae_gozag_cash_rules_everything_around_me,
          eat_drink_and_be_merry_uskayaw, elyvilon_altar_5, lair_entry_dummy,
          serial_shops, shop, uniq_maurice
D:9:      layout_small_grid, grunt_livestock, uniq_erica
D:10:     layout_loops_ring, erik_orc_1, serial_shops,
          nicolae_shop_behind_doors, uniq_grum
D:11:     layout_roguey, minmay_guarded_unrand_resistance, uniq_josephine
D:12:     layout_basic, serial_bayou_lagoon_a
D:13:     layout_roguey, david_vaults_2, serial_undead, serial_undead_d,
          serial_undead_e, serial_undead_c, serial_undead_d
D:14:     layout_rooms, serial_shops, shop
D:15:     grunt_enter_depths_snipers, layout_long_grid, kennysheep_flooded_box
Temple:   cyrus_circular_temple
Lair:1:   layout_layer_cave
Lair:2:   layout_hall_layers, minmay_snake_entry_six_corridors,
          grunt_megastairs_2, infiniplex_staircase_pool, uniq_urug,
          uniq_gastronok
Lair:3:   layout_regular_city, grunt_megastairs_1, lemuel_fruit_tree,
          minmay_lair_oklob_chamber, uniq_sonja
Lair:4:   layout_cave_pods, elwin_shoals_entry_rocks
Lair:5:   layout_cave_pods, minmay_slime_entry_oklob_open,
          ebering_ghost_reflecting_pool
Lair:6:   hangedman_lair_tendril_chambers, layout_gridlike
Shoals:1: layout_shoals, centaur_isle
Shoals:2: layout_shoals, nicolae_shoals_loop_pool, uniq_donald
Shoals:3: layout_shoals, serial_shops, shop
Shoals:4: shoals_end_grunt_ice, layout_shoals
Snake:1:  minmay_snake_river, layout_cave_pods, basic_altar, serial_shops,
          nicolae_shop_stone, grunt_megastairs_3
Snake:2:  layout_cave_shapes, basic_altar, serial_shops,
          nicolae_shop_statue_plus
Snake:3:  layout_misc_corridors, nicolae_snake_serpentine_hallways
Snake:4:  grunt_snake_rune_pools, layout_cave_town, st_stairs_13, uniq_aizul
Orc:1:    layout_caves, nicolae_alphabet_shops, uniq_snorg
Orc:2:    grunt_orc_cross, layout_caves, elves_outpost_lemuel
Elf:1:    minmay_elf_arrival_circle, layout_loops_corners, serial_shops,
          bzr_entry_safe, portal_desolation_entry_twin_temple,
          serial_co_window_serial, co_window_paths_a, co_window_paths_a,
          co_window_paths_a, co_window_corner_a, co_window_of_opportunity_a,
          co_window_paths_a, co_window_paths_d
Elf:2:    layout_loops_ring, guppyfry_library_mini, uniq_asterion, uniq_roxanne
Elf:3:    nooodl_elf_gasket, layout_geoelf_octagon, serial_shops,
          nicolae_shop_crystal, uniq_bai_suzhen
Vaults:1: biasface_vaults_ghost_orc_armoury, vaults_room_hallway,
          nicolae_vaults_little_squares_4, vaults_room_corners, v_misc_26,
          nicolae_vaults_statue_guard, v_misc_19,
          nicolae_vaults_little_squares_6, nicolae_vaults_little_ls,
          layout_vaults_chaotic_city, serial_shops,
          nicolae_shop_overgrown_old_shop
Vaults:2: grunt_vaults_diagonal, nicolae_vaults_yaktaur_gun_rack, v_misc_12,
          nicolae_vaults_diagonal_hallway_8, hangedman_vaults_snaps,
          hangedman_vaults_stretched_pinwheel, nicolae_vaults_gold_heap,
          ontoclasm_vaults_eye, vaults_room_pool, v_alt_pattern_1,
          ontoclasm_vaults_claustrophobia, nicolae_vaults_ring_of_whatevers,
          ontoclasm_vaults_chip, nicolae_vaults_mini_display_case,
          nicolae_vaults_diagonal_hallway_6, layout_vaults_omnicross,
          serial_shops, shop
Vaults:3: minmay_crypt_entry_vampire_xt, ontoclasm_vaults_bender, v_misc_15,
          nicolae_vaults_rhombus_7, v_misc_3, v_misc_9, dpeg_vaults_monster_row,
          nicolae_vaults_little_squares_4, v_misc_24,
          nicolae_vaults_network_quinsquares
          [nicolae_vaults_network_quincunx_subvault,
          nicolae_vaults_network_quincunx_subvault,
          nicolae_vaults_network_quincunx_subvault,
          nicolae_vaults_network_quincunx_subvault],
          hangedman_vaults_stretched_pinwheel, layout_vaults_ring
Vaults:4: vaults_mumra_minichess, v_misc_16, vaults_room_fours,
          dpeg_vaults_monster_box, serial_ice_h, nicolae_vaults_border_crossing,
          hangedman_vaults_maws, layout_vaults_omnigrid, serial_shops,
          statue_bzr
Vaults:5
Crypt:1:  layout_basic, minmay_misc_feat_ornament, st_stairs_10
Depths:1: layout_big_octagon, enter_ziggurat_b, abyss_entry_small_statue_room,
          hell_entry, serial_shops, shop, hangedman_glass_teeth,
          kennysheep_kite_vault, uniq_enchantress
Depths:2: minmay_open_boxes_in_corner, layout_cave_pools,
          kennysheep_cluttered_room, hell_entry, minmay_staircase_statues

Skill      XL: |  1  2  3  4  5  6  7  8  9 10 11 12 13 14 15 16 17 18 19 20 21 22 23 |
---------------+----------------------------------------------------------------------+-----
Earth Magic    | 4 5 6 7 8 9 10 11 12 13 14 15 16 17 | 17.9
Conjurations   | 1 2 3 4 5 6 7 8 9 10 11 12 13 14 15 | 15.0
Spellcasting   | 3 4 5 6 7 8 9 10 11 12 13 14 15 16 | 16.6
Fighting       | 1 3 4 5 7 8 9 10 11 12 13 14 15 | 15.7
Armour         | 1 3 4 5 6 |  6.0
Maces & Flails | 1 2 4 5 7 9 10 12 13 14 15 16 | 16.0
Dodging        | 2 3 4 5 6 7 8 9 10 11 12 | 12.7
Evocations     | 1 3 5 6 |  6.0
Fire Magic     | 10 12 13 14 15 16 17 | 17.9
Stealth        | |  2.1
Transmutations | |  0.7

Action                   |  1- 3 |  4- 6 |  7- 9 | 10-12 | 13-15 | 16-18 | 19-21 | 22-24 || total
-------------------------+-------+-------+-------+-------+-------+-------+-------+-------++-------
Melee: Dagger            |   141 |   149 |   103 |       |       |       |       |       ||   393
       Whip              |       |       |   133 |    96 |       |       |       |       ||   229
       Morningstar       |       |       |       |   274 |   854 |   463 |   576 |       ||  2167
       Hand axe          |       |       |       |       |       |       |    89 |   241 ||   330
Throw: Stone             |       |       |       |       |       |     1 |       |       ||     1
 Cast: Sandblast         |    15 |    42 |   111 |   166 |    33 |    50 |     2 |     4 ||   423
       Stone Arrow       |       |     1 |    14 |    18 |     1 |    47 |       |       ||    81
       Lee's Rapid Decon |       |     2 |     9 |    43 |    47 |    81 |    22 |    18 ||   222
       Iron Shot         |       |       |       |    10 |    73 |   168 |   144 |    92 ||   487
       Bolt of Fire      |       |       |       |       |       |    71 |    87 |    86 ||   244
       Ignition          |       |       |       |       |       |       |    75 |    36 ||   111
 Abil: Fly               |       |       |       |       |     1 |       |       |       ||     1
Evoke: Wand              |       |       |     2 |     8 |    13 |     5 |       |     2 ||    30
  Use: Scroll            |     2 |    10 |     6 |    12 |    12 |    17 |    11 |     5 ||    75
       Potion            |       |     4 |       |     1 |     1 |    15 |     2 |     3 ||    26
 Stab: Sleeping          |     3 |     3 |     1 |     1 |     8 |     3 |     7 |       ||    26
       Distracted        |       |       |       |       |       |     1 |     3 |       ||     4
  Eat: Chunk             |     2 |     6 |    16 |    24 |    54 |    54 |    70 |    31 ||   257
       Ration            |       |       |     1 |     4 |     3 |    14 |    14 |     1 ||    37
Armor: Robe              |    56 |    71 |   134 |   221 |   513 |   324 |   423 |   180 ||  1922
Dodge: Dodged            |   109 |   123 |   192 |   352 |   866 |   433 |   558 |   285 ||  2918
       Deflected         |       |       |     4 |     2 |       |       |       |       ||     6

Table legend:
 A = Non-vault XP
 B = Vault XP
 C = Vault XP percentage of total XP
 D = Non-vault monster count
 E = Vault monster count
 F = Vault count percentage of total count
                 A         B        C        D         E       F
            +---------+---------+-------+---------+---------+-------
      Total |  472637 |  326423 |  40.9 |    1204 |     610 |  33.6
            +---------+---------+-------+---------+---------+-------
        D:1 |      53 |       5 |   8.6 |      26 |       3 |  10.3
        D:2 |     141 |       0 |   0.0 |      40 |       0 |   0.0
        D:3 |     216 |     665 |  75.5 |      12 |      54 |  81.8
        D:4 |     477 |       0 |   0.0 |      21 |       0 |   0.0
        D:5 |     731 |     148 |  16.8 |      19 |       3 |  13.6
        D:6 |    1294 |    1235 |  48.8 |      19 |       8 |  29.6
        D:7 |    1033 |     682 |  39.8 |      22 |       2 |   8.3
        D:8 |     536 |    2218 |  80.5 |      16 |      19 |  54.3
        D:9 |    2296 |    1908 |  45.4 |      25 |       6 |  19.4
       D:10 |    2015 |    1266 |  38.6 |      19 |      22 |  53.7
       D:11 |    2175 |    2072 |  48.8 |      26 |       6 |  18.8
       D:12 |    8584 |    2216 |  20.5 |      31 |       2 |   6.1
       D:13 |    6163 |    8676 |  58.5 |      23 |      17 |  42.5
       D:14 |    8792 |       0 |   0.0 |      35 |       0 |   0.0
       D:15 |   11863 |    2302 |  16.3 |      28 |       3 |   9.7
     Lair:1 |    4926 |       0 |   0.0 |      13 |       0 |   0.0
     Lair:2 |    5309 |    4710 |  47.0 |      14 |      15 |  51.7
     Lair:3 |    4911 |    5163 |  51.3 |      28 |      10 |  26.3
     Lair:4 |    7831 |       0 |   0.0 |      38 |       0 |   0.0
     Lair:5 |    4373 |    1152 |  20.9 |      17 |       2 |  10.5
     Lair:6 |   14078 |   10838 |  43.5 |      40 |      38 |  48.7
   Shoals:1 |   17428 |    3801 |  17.9 |      32 |       7 |  17.9
   Shoals:2 |   13214 |       0 |   0.0 |      26 |       0 |   0.0
   Shoals:3 |   12865 |       0 |   0.0 |      29 |       0 |   0.0
   Shoals:4 |   15096 |   20305 |  57.4 |      29 |      31 |  51.7
    Snake:1 |   18959 |    8022 |  29.7 |      33 |      21 |  38.9
    Snake:2 |    9873 |       0 |   0.0 |      12 |       0 |   0.0
    Snake:3 |   20232 |    1676 |   7.7 |      41 |       1 |   2.4
    Snake:4 |    1542 |   43675 |  96.6 |       6 |      61 |  91.0
      Orc:1 |    6072 |    1768 |  22.6 |      47 |       2 |   4.1
      Orc:2 |    2053 |   12123 |  85.5 |      13 |      42 |  76.4
      Elf:1 |   24450 |    4193 |  14.6 |      39 |       6 |  13.3
      Elf:2 |   21680 |   11796 |  35.2 |      33 |      13 |  28.3
      Elf:3 |   17009 |       0 |   0.0 |      27 |       0 |   0.0
   Vaults:1 |   25326 |   18935 |  42.8 |      43 |      25 |  36.8
   Vaults:2 |   38544 |    6698 |  14.8 |      52 |      10 |  16.1
   Vaults:3 |   47709 |   26577 |  35.8 |      91 |      32 |  26.0
   Vaults:4 |   15243 |   28886 |  65.5 |      25 |      37 |  59.7
   Vaults:5 |       0 |   32230 | 100.0 |       0 |      31 | 100.0
   Depths:1 |   41495 |   26234 |  38.7 |      52 |      24 |  31.6
   Depths:2 |   18741 |    2726 |  12.7 |      23 |       2 |   8.0
    Abyss:2 |   10603 |       0 |   0.0 |      22 |       0 |   0.0
    Abyss:3 |    6706 |       0 |   0.0 |      17 |       0 |   0.0
 Desolation |       0 |   31522 | 100.0 |       0 |      55 | 100.0
            +---------+---------+-------+---------+---------+-------
